 Dungeon Crawl Stone Soup version 0.25-a0-578-gc91f01c39c (webtiles) character file.

Game seed: 6908230185239972190, levelgen mode: deterministic

63 An17 the Cutter (level 3, -2/27 HPs)
             Began as a Vampire Gladiator on Mar 3, 2020.
             Shot with an arrow by a centaur (12 damage)
             ... on level 2 of the Dungeon.
             The game lasted 00:03:00 (1197 turns).

An17 the Cutter (Vampire Gladiator)                 Turns: 1197, Time: 00:03:00

Health: -2/27      AC:  4    Str: 14    XL:     3   Next: 89%
Magic:  3/3        EV: 13    Int: 10    God:
Gold:   51         SH:  0    Dex: 15    Spells: 2/2 levels left

rFire    x . .     SeeInvis +   a - +0 rapier
rCold    + . .     Gourm    .   (no shield)
rNeg     . . .     Faith    .   b - +0 leather armour
rPois    .         Spirit   .   c - +0 helmet
rElec    .         Reflect  .   (no cloak)
rCorr    .         Harm     .   (no gloves)
MR       .....                  (no boots)
Stlth    +.........             (no amulet)
HPRegen  0.29/turn              g - ring of ice
MPRegen  0.08/turn              (no ring)

@: regenerating quickly
A: no food, fangs 3, see invisible, unbreathing
a: Exsanguinate


You were on level 2 of the Dungeon.
You were alive.

You visited 1 branch of the dungeon, and saw 2 of its levels.

You collected 51 gold pieces.

Inventory:

Hand Weapons
 a - a +0 rapier (weapon)
Missiles
 d - 3 throwing nets (quivered)
Armour
 b - a +0 leather armour (worn)
 c - a +0 helmet (worn)
Jewellery
 g - a ring of ice (left hand)
Scrolls
 h - a scroll of identify
Potions
 e - 2 potions of curing
 f - a potion of degeneration {unknown}


   Skills:
 + Level 2.0 Fighting
 + Level 4.3 Short Blades
 + Level 1.7 Throwing
 + Level 0.8 Armour
 + Level 3.8 Dodging


You had 2 spell levels left.
You didn't know any spells.
Your spell library was empty.

Dungeon Overview and Level Annotations

Branches:
Dungeon (2/15)

Altars:
Kikubaaqudgha


Innate Abilities, Weirdness & Mutations

You do not eat.
Your natural rate of healing is unusually fast.
You have razor-sharp teeth.
You have supernaturally acute eyesight. (SInv)
You can survive without breathing.


Message History

The adder is severely wounded.
The adder closely misses you.
You miss the adder.
The adder is severely wounded.
The adder barely misses you. The adder bites you.
You barely miss the adder.
The adder is severely wounded.
A rat comes into view.
The adder bites you.
You closely miss the adder.
The adder is severely wounded.
The adder barely misses you.
You hit the adder.
The adder is severely wounded.
The adder bites you.
You hit the adder.
You kill the adder!
The centaur wields a +0 shortbow.
The centaur shoots an arrow.
The arrow hits you.
The centaur shoots an arrow.
The arrow hits you!
You die...

#... ## .. +... .
.^ .# #... ≈. .
..# ##.. ..# #≈^.?
##. #≈#.## .#.≈ ##
#..c# r.#⌠#≈# #
##†##≈≈..#
#@#########
#.##......# #
#....##.#.# ##
####.##.#.#######.
#.##...........
#.####.########
#......# ########
.#


You could see a centaur and a rat.

Vanquished Creatures
  2 adders (D:2)
  A worm (D:2)
  A leopard gecko (D:1)
  3 ball pythons
  4 giant cockroaches
  5 goblins
  2 hobgoblins
  6 jackals
  2 quokkas (D:2)
  3 bats
  3 frilled lizards
  4 kobolds
  4 rats
40 creatures vanquished.

Notes
Turn   | Place    | Note
-------+----------+-------------------------------------------
     0 | D:1      | An17 the Vampire Gladiator began the quest for the Orb.
     0 | D:1      | Reached XP level 1. HP: 16/16 MP: 1/1
    87 | D:1      | Reached XP level 2. HP: 22/22 MP: 2/2
   691 | D:2      | Reached skill level 4 in Short Blades
   708 | D:2      | Found an ancient bone altar of Kikubaaqudgha.
   776 | D:2      | Reached XP level 3. HP: 17/27 MP: 3/3
  1185 | D:2      | Noticed a gnoll sergeant
  1186 | D:2      | Noticed a centaur
  1197 | D:2      | Shot with an arrow by a centaur

Levels and vault maps discovered:
D:1:      minmay_arrival_plants_in_alcoves, layout_loops_cross, minivault_27
D:2:      layout_loops_corners, nicolae_overflow_crystal_walls, tgw_xom

Skill      XL: |  1  2  3 |
---------------+----------+-----
Short Blades   | 4 |  4.3
Fighting       | 2 |  2.0
Throwing       | |  1.7
Armour         | |  0.8
Dodging        | |  3.8

Action                   || total
-------------------------++-------
Melee: Rapier            ||   151
       Bite              ||    12
  Use: Scroll            ||     3
 Stab: Sleeping          ||     1
Armor: Leather armour    ||    39
Dodge: Dodged            ||   115

Table legend:
 A = Non-vault XP
 B = Vault XP
 C = Vault XP percentage of total XP
 D = Non-vault monster count
 E = Vault monster count
 F = Vault count percentage of total count
                 A         B        C        D         E       F
            +---------+---------+-------+---------+---------+-------
      Total |      89 |       2 |   2.2 |      39 |       1 |   2.5
            +---------+---------+-------+---------+---------+-------
        D:1 |      27 |       0 |   0.0 |      17 |       0 |   0.0
        D:2 |      62 |       2 |   3.1 |      22 |       1 |   4.3
            +---------+---------+-------+---------+---------+-------
